 Dungeon Crawl Stone Soup version 0.30-a0-605-gb2882149bf (webtiles) character file.

Game seed: 4713337785726677816

3093 OTABOTABOTAB the Destroyer (level 9, -3/45 HPs)
             Began as a Deep Elf Air Elementalist on Jan 8, 2023.
             Slain by an orc warrior
             ... wielding a +0 dire flail
              (12 damage)
             ... on level 6 of the Dungeon.
             The game lasted 00:14:33 (7465 turns).

OTABOTABOTAB the Destroyer (DEAE)                   Turns: 7465, Time: 00:14:33

Health: -3/45      AC:  2    Str:  5    XL:     9   Next: 59%
Magic:  11/24      EV: 13    Int: 25    God:
Gold:   305        SH:  0    Dex: 21    Spells: 16/26 levels left

rFire   . . .      SeeInvis .    A - staff of air {rElec}
rCold   . . .      Faith    .    (no shield)
rNeg    . . .      Spirit   .    a - +0 robe
rPois   .          Reflect  .    (no helmet)
rElec   +          Harm     .    (no cloak)
rCorr   .          Rampage  .    (no gloves)
Will    .....                    (no boots)
Stlth   ++                       e - amulet of regeneration
HPRegen 1.07/turn                i - +6 ring of dexterity
MPRegen 0.19/turn                (no ring)

@: lethally poisoned (-3 -> -4), very slightly contaminated
A: no striking features
a: no special abilities


You were on level 6 of the Dungeon.
You visited 1 branch of the dungeon, and saw 6 of its levels.
You also visited: Ossuary.

You collected 305 gold pieces.

Inventory:

Hand Weapons
 k - the +8 war axe of the Telling Bear {elec, rElec Int+2 Dex+2}
   (You found it on level 3 of the Dungeon)

   Int:       It affects your intelligence (+2).
   Dex:       It affects your dexterity (+2).
   rElec:     It insulates you from electricity.
Missiles
 d - a throwing net {!d}
 m - 3 boomerangs
 s - 62 stones
 x - 6 poisoned darts
 y - 4 atropa-tipped darts
Armour
 a - a +0 robe (worn)
 B - a +0 helmet
   (You found it on level 5 of the Dungeon)
Magical Staves
 z - a staff of fire {rF+}
   (You found it on level 5 of the Dungeon)
 A - a staff of air (weapon) {rElec}
   (You found it on level 5 of the Dungeon)
Jewellery
 e - an amulet of regeneration (around neck)
   (You found it on level 3 of the Dungeon)
 g - the amulet of Dyafuu {Acrobat rC- SInv Stlth+}
   (You found it on level 2 of the Dungeon)

   [amulet of the acrobat]

   It increases your evasion while moving and waiting.
   rC:        It makes you vulnerable to cold.
   SInv:      It lets you see invisible.
   Stlth:     It makes you more stealthy.
 i - a +6 ring of dexterity (left hand)
   (You took it off a goblin on level 2 of the Dungeon)
 V - a ring of see invisible {sInv, !d}
   (You found it on level 5 of the Dungeon)
 W - a ring of willpower
   (You found it in an ossuary)
Wands
 C - a wand of roots (13)
   (You found it on level 6 of the Dungeon)
Scrolls
 f - 3 scrolls of torment {!r}
 n - a scroll of amnesia {unknown}
 t - a scroll of enchant weapon
 u - a scroll of vulnerability {!r!r}
 v - a scroll of magic mapping {unknown}
 w - a scroll of fog {unknown}
 D - a scroll of blinking {!r}
 Y - 6 scrolls of teleportation {@r3}
Potions
 b - 2 potions of brilliance {unknown}
 c - 3 potions of attraction {!q}
 h - a potion of berserk rage {unknown}
 j - a potion of cancellation {unknown}
 l - 2 potions of curing {unknown}
 o - a potion of degeneration {unknown}
 p - 2 potions of haste {unknown}
 q - a potion of invisibility {unknown}
 r - a potion of might {unknown}
 M - a potion of magic
 N - 5 potions of heal wounds {@q2}
 P - 4 potions of lignification {!q}
 R - a potion of resistance
 U - 3 potions of mutation {!q}


   Skills:
 - Level 2.4 Dodging
 - Level 2.4 Stealth
 + Level 9.3 Spellcasting
 * Level 10.5 Conjurations
 + Level 7.4 Air Magic


You had 16 spell levels left.
You knew the following spells:

 Your Spells              Type           Power      Damage    Failure   Level
a - Shock                 Conj/Air       100%       1d9       1%          1
b - Static Discharge      Conj/Air       100%       2-7/arc   1%          2
c - Airstrike             Air            32%        2d(5-21)  2%          4
s - Swiftness             Air            65%        N/A       1%          3

Your spell library contained the following spells:

 Spells                   Type           Power      Damage    Failure   Level
 Ensorcelled Hibernation  Hex/Ice        22%        N/A       9%          2
 Passwall                 Tmut/Erth      9%         N/A       9%          2
 Sublimation of Blood     Necr           11%        N/A       9%          2
 Portal Projectile        Hex/Tloc       22%        N/A       16%         3
 Tukima's Dance           Hex            11%        N/A       16%         3
 Irradiate                Conj/Tmut      18%        3d17      17%         5
 Petrify                  Tmut/Erth      11%        N/A       47%         4
 Blade Hands              Tmut           5%         N/A       83%         5


Dungeon Overview and Level Annotations

Branches:
Dungeon (6/15)            Ossuary (visited)
 Temple: D:4-7

Altars:
Makhleb
Qazlal
Vehumet
Wu Jian
Zin

Shops:
D:5 *

Annotations:
D:5 5 runed translucent doors, Crazy Yiuf


Message History

You now have 21/24 mp.
You hit the bullfrog but do no damage. The bullfrog misses you.
You feel a surge of power!
The bullfrog is struck by an arc of lightning.
You kill the bullfrog!
You resist.
You are struck by an arc of lightning.
Unknown command.
You now have 20/24 mp.
An orc comes into view. It is wielding a +0 short sword.
An orc is nearby!
You feel a surge of power!
The zap hits the orc.
You kill the orc!
You now have 19/24 mp.
You hear the rusting of a drain very nearby.
You see here a bullfrog corpse.
An adder comes into view.
MP restored: 24 You feel a surge of power!
The zap hits the adder.
The adder hisses angrily.
You now have 23/24 mp.
You feel a surge of power!
The zap misses the adder.
You now have 22/24 mp.
You feel a surge of power!
The zap hits the adder.
You now have 21/24 mp.
You feel a surge of power!
The zap hits the adder.
You kill the adder!
You now have 20/24 mp. 2 wights come into view.
The wight moves out of view.
MP restored: 24
Aim: a wight, wielding a +0 short sword and wearing a +0 robe (empty space bonus: 8/8)
You feel a surge of power!
The air twists around and strikes the wight!!
You destroy the wight!
You now have 20/24 mp.
You hear the rusting of a drain very nearby.
You see here a bullfrog corpse.
You see here a +0 leather armour.
MP restored: 24 You see here a +0 leather armour.
An orc comes into view. It is wielding a +0 hand axe.
An adder comes into view.
You hear the brisk rusting of a drain very nearby.
You feel a surge of power! That beam is likely to hit you.
Continue anyway?
The zap hits the orc.
The orc shouts!
The zap hits the orc!
You kill the orc!
The zap misses you.
The adder hisses angrily.
You hear a shout!
An orc comes into view. It is wielding a +0 whip.
The orc shouts!
You hear a shout!
You now have 23/24 mp.
An orc warrior comes into view. It is wielding a +0 dire flail.
The floor.
You feel a surge of power!
The zap hits the orc.
The zap hits the orc warrior.
You now have 22/24 mp.
You feel a surge of power!
The zap hits the orc.
You kill the orc!
The zap hits the adder.
An orc priest comes into view. It is wielding a +0 mace.
You now have 21/24 mp.
You feel a surge of power!
The zap hits the adder.
The zap hits the orc warrior.
The zap hits the orc priest.
The orc priest shouts!
The adder bites you.
You are poisoned.
The adder poisons you!
An orc comes into view. It is wielding a +0 flail.
You take 3 damage, and have 42/45 hp.
You feel a surge of power!
The adder is struck by an arc of lightning!
You kill the adder!
The orc warrior is struck by an arc of lightning!
The lightning grounds out.
You feel sick.
You take 1 damage, and have 41/45 hp.
You now have 19/24 mp.
You feel a surge of power!
You miscast Static Discharge.
You are very lightly contaminated with residual magic.
Nothing appears to happen.
You feel sick.
The orc warrior hits you with a +0 dire flail!!
You take 18 damage, and have 23/45 hp.
MASSIVE DAMAGE!!
You now have 17/24 mp.
Aim: an orc priest, wielding a +0 mace and wearing a +0 leather armour (moderately wounded, empty space bonus: 3/8)
You feel a surge of power!
You miscast Airstrike.
Nothing appears to happen.
You feel sick. The orc warrior barely misses you.
You now have 13/24 mp.
You feel a surge of power!
The orc warrior is struck by an arc of lightning.
The orc is struck by an arc of lightning.
The orc priest is struck by an arc of lightning.
The lightning grounds out.
You feel sick.
The orc priest invokes the aid of Beogh against you.
Beogh smites you!
* * * LOW HITPOINT WARNING * * *
The orc warrior hits you with a +0 dire flail!
You die...

#######.###########
#.# #.# #.# #.# #.#
#.# #.# #@# #o#
....S.oo# ##.#.)###
##. #


You could see an orc warrior, an orc priest and an orc.

Vanquished Creatures
  A two-headed ogre (D:5)
  A kobold demonologist (D:5)
  Menkaure (D:5)
  A water moccasin (D:6)
  An ice beast (D:6)
  An ogre (D:5)
  Blork the orc (D:4)
  A bullfrog (D:6)
  14 scorpions
  A wight (D:6)
  A howler monkey (D:5)
  A jelly (D:5)
  A centaur zombie (Ossuary)
  2 human zombies (Ossuary)
  A hound (D:6)
  A gnoll bouda (D:5)
  4 iguanas
  8 scorpion zombies
  3 mummies (Ossuary)
  8 gnolls
  7 adders
  2 ufetubi
  3 adder skeletons (D:3)
  2 worms
  5 dart slugs
  15 orcs
  8 endoplasms
  2 giant cockroaches
  7 goblins
  11 hobgoblins
  12 jackals
  4 kobolds
  2 quokkas (D:1)
  8 ball pythons
  2 ball python skeletons (D:3)
  9 bats
  6 frilled lizards
  2 gnoll zombies (Ossuary)
  2 goblin zombies (Ossuary)
  4 hobgoblin zombies (Ossuary)
  2 kobold zombies (Ossuary)
  An orc zombie (Ossuary)
  4 rats
173 creatures vanquished.

Vanquished Creatures (others)
  24 plants (D:1)
  A withered plant (D:3)
25 creatures vanquished.

Grand Total: 198 creatures vanquished

Notes
Turn   | Place    | Note
-------+----------+-------------------------------------------
     0 | D:1      | OTABOTABOTAB the Deep Elf Air Elementalist began the quest
                  | for the Orb.
     0 | D:1      | Reached XP level 1. HP: 10/10 MP: 6/6
   422 | D:1      | Reached XP level 2. HP: 15/15 MP: 5/8
   474 | D:1      | Reached skill level 2 in Conjurations
   868 | D:1      | Reached XP level 3. HP: 19/19 MP: 8/10
   932 | D:1      | Learned a level 2 spell: Static Discharge
  1350 | D:2      | Identified the amulet of Dyafuu {Acrobat rC- SInv Stlth+}
  1592 | D:2      | Reached skill level 3 in Conjurations
  1829 | D:2      | Reached XP level 4. HP: 21/24 MP: 5/11
  2061 | D:2      | You fall into a shaft and drop 1 floor!
  2065 | D:3      | Identified the +8 war axe of the Telling Bear {elec, rElec
                  | Int+2 Dex+2}
  2301 | D:2      | Reached skill level 4 in Spellcasting
  3392 | D:4      | Reached XP level 5. HP: 28/28 MP: 8/13
  3404 | D:4      | Reached skill level 4 in Conjurations
  3565 | D:4      | Noticed Blork the orc
  3573 | D:4      | Killed Blork the orc
  3574 | D:4      | Reached skill level 4 in Air Magic
  3681 | D:4      | Found a sand-covered staircase.
  3687 | Ossuary  | Entered an ossuary
  3761 | Ossuary  | Reached skill level 5 in Spellcasting
  3761 | Ossuary  | Reached XP level 6. HP: 32/32 MP: 3/15
  3765 | Ossuary  | Learned a level 3 spell: Swiftness
  3770 | Ossuary  | Learned a level 4 spell: Airstrike
  3873 | Ossuary  | Reached skill level 5 in Conjurations
  4044 | Ossuary  | Reached XP level 7. HP: 23/36 MP: 10/17
  4138 | Ossuary  | Reached skill level 6 in Conjurations
  4163 | Ossuary  | Reached skill level 6 in Spellcasting
  4163 | Ossuary  | Reached skill level 5 in Air Magic
  4284 | Ossuary  | Reached skill level 7 in Conjurations
  4407 | Ossuary  | Reached XP level 8. HP: 41/41 MP: 13/20
  4991 | D:4      | Found an ornate altar of the Wu Jian Council.
  5093 | D:4      | Reached skill level 7 in Spellcasting
  5615 | D:5      | Entered Level 5 of the Dungeon
  5615 | D:5      | Found Zin's Purification Station.
  5640 | D:5      | Found a glowing silver altar of Zin.
  5872 | D:5      | Found a radiant altar of Vehumet.
  5961 | D:5      | Reached skill level 8 in Conjurations
  6050 | D:5      | Reached skill level 6 in Air Magic
  6151 | D:5      | Found a stormy altar of Qazlal.
  6174 | D:5      | Found a large runed translucent door.
  6174 | D:5      | Found a large runed translucent door.
  6258 | D:5      | Noticed a kobold demonologist
  6271 | D:5      | Noticed a red devil
  6271 | D:5      | Killed a kobold demonologist
  6272 | D:5      | Reached skill level 8 in Spellcasting
  6499 | D:5      | Noticed a two-headed ogre
  6505 | D:5      | Found a large runed translucent door.
  6505 | D:5      | Found a large runed translucent door.
  6519 | D:5      | Reached skill level 9 in Conjurations
  6579 | D:5      | Noticed a two-headed ogre
  6583 | D:5      | Killed a two-headed ogre
  6584 | D:5      | Reached XP level 9. HP: 45/45 MP: 12/23
  6730 | D:5      | Reached skill level 7 in Air Magic
  6800 | D:5      | Found a runed translucent door.
  6801 | D:5      | Noticed Crazy Yiuf
  6890 | D:5      | Found a burning altar of Makhleb.
  6898 | D:5      | Noticed Menkaure
  6900 | D:5      | Killed Menkaure
  6901 | D:5      | Reached skill level 10 in Conjurations
  7139 | D:6      | Reached skill level 9 in Spellcasting
  7465 | D:6      | HP: 9/45 [orc priest/divine providence (14)]
  7465 | D:6      | Slain by an orc warrior

Illustrated notes

Levels and vault maps discovered:
D:1:      dreamdust_arrival_sigmund_warning, layout_basic, serial_bayou,
          serial_bayou_lagoon_a, serial_bayou_ford_a, serial_bayou_lagoon_b,
          serial_bayou_pond_b
D:2:      layout_loops_corners, minmay_tetromino_s4
D:3:      layout_loops_ring, serial_undead, serial_undead_e, serial_undead_d,
          serial_undead_a, serial_undead_c, serial_undead_c, serial_undead_b,
          serial_undead_c
D:4:      layout_layer_cave, nicolae_wu_jian_wuxing_cycle,
          nicolae_ossuary_entry_plus, hangedman_decor_lopped, uniq_blork_the_orc
D:5:      layout_rooms, mainiacjoe_overflow_chevrons,
          nicolae_overflow_hidden_temple, zin_purify,
          minmay_hollow_rounded_squares, uniq_crazy_yiuf_cottage, uniq_menkaure
D:6:      layout_basic, temple_hall, portal_sewer_entry_d

Skill      XL: |  1  2  3  4  5  6  7  8  9 |
---------------+----------------------------+-----
Conjurations   | 2 3 4 5 7 9 10 | 10.5
Spellcasting   | 4 5 6 8 9 |  9.3
Air Magic      | 4 5 6 7 |  7.4
Dodging        | |  2.4
Stealth        | |  2.4

Action                   |  1- 3 |  4- 6 |  7- 9 || total
-------------------------+-------+-------+-------++-------
Melee: Unarmed           |     2 |       |       ||     2
       Spear             |     4 |       |       ||     4
       War axe           |       |     5 |    26 ||    31
       Staff             |       |       |     1 ||     1
 Cast: Shock             |    88 |   109 |   139 ||   336
       Static Discharge  |       |    14 |    25 ||    39
       Airstrike         |       |       |    16 ||    16
  Use: Scroll            |     3 |     5 |     5 ||    13
       Potion            |       |     1 |     2 ||     3
 Stab: Sleeping          |     1 |       |       ||     1
Armor: Robe              |     3 |     5 |     5 ||    13
Dodge: Dodged            |     5 |    24 |    24 ||    53

Table legend: (Time is in decaauts)
 A = Elapsed time spent in this place.
 B = Non-inter-level travel time spent in this place.
 C = Inter-level travel time spent in this place.
 D = Time resting spent in this place.
 E = Time spent auto-exploring this place.
 F = Levels seen in this place.
 G = Mean time per level.
                   A        B        C        D        E       F      G
               +--------+--------+--------+--------+--------+-----+--------+
         Total |   7518 |   7393 |    125 |    520 |   5943 |   7 | 1074.0 |
       Dungeon |   6520 |   6395 |    125 |    435 |   5286 |   6 | 1086.7 |
       Ossuary |    998 |    998 |      0 |     85 |    657 |   1 |  998.0 |
               +--------+--------+--------+--------+--------+-----+--------+

Top non-repeatable levels by time:
     D:5: 1485 daAuts
     D:4: 1292 daAuts
     D:1: 1281 daAuts
     D:2: 1268 daAuts
 Ossuary: 998 daAuts
     D:3: 828 daAuts
     D:6: 363 daAuts

Table legend:
 A = Kills in this place as a percentage of kills in entire the game.
 B = Kills by you in this place as a percentage of kills by you in the entire game.
 C = Kills by friends in this place as a percentage of kills by friends in the entire game.
 D = Other kills in this place as a percentage of other kills in the entire game.
 E = Experience gained in this place as a percentage of experience gained in the entire game.
 F = Experience gained in this place divided by the number of levels of this place that you have seen.
                   A       B       C       D       E      F
               +-------+-------+-------+-------+-------+----------------------
         Total | 100.0 | 100.0 |   N/A |   N/A | 100.0 | 631.3
       Dungeon |  80.3 |  80.3 |   N/A |   N/A |  70.8 | 521.2
       Ossuary |  19.7 |  19.7 |   N/A |   N/A |  29.2 | 1292.0
               +-------+-------+-------+-------+-------+----------------------
